 Dungeon Crawl Stone Soup version 0.30-a0-1016-gfb0d676c02 (webtiles) character file.

Game seed: 17509521810419159893

5415 protoss039 the Covert (level 10, 0/59 HPs)
             Began as a Vampire Enchanter on Apr 6, 2023.
             Was a Priest of Dithmenos.
             Killed from afar by a gargoyle (27 damage)
             ... with a stone arrow
             ... on level 9 of the Dungeon.
             The game lasted 00:14:56 (6942 turns).

protoss039 the Covert (Vampire Enchanter)           Turns: 6942, Time: 00:14:57

Health: 0/59       AC:  7    Str:  7    XL:     10   Next: 40%
Magic:  16/17      EV: 17    Int: 19    God:    Dithmenos [***...]
Gold:   652        SH:  0    Dex: 30    Spells: 5/19 levels left

rFire   . . .      SeeInvis +    a - +1 dagger
rCold   + + .      Faith    .    (no shield)
rNeg    + + +      Spirit   .    L - +0 steam dragon scales
rPois   ∞          Reflect  .    (no helmet)
rElec   .          Rampage  .    (no cloak)
rCorr   .                        q - +1 pair of gloves
Will    +....                    (no boots) Stlth *+++++++++
                                 l - amulet of magic regeneration
HPRegen 0.00/turn                t - +6 ring of dexterity
MPRegen 0.55/turn                E - +6 ring of dexterity

@: confusing by touch, about to teleport, bloodless, inhibited regen, wreathed
by umbra
A: bloodless, fangs 3, see invisible, vampiric 2
a: Bat Form, Revivify, Renounce Religion, Shadow Step


You were on level 9 of the Dungeon.
You worshipped Dithmenos.
Dithmenos was most pleased with you.
You visited 2 branches of the dungeon, and saw 10 of its levels.
You also visited: Ossuary.

You collected 652 gold pieces.

Inventory:

Hand Weapons
 a - a +1 dagger (weapon)
 b - the +8 arbalest "Ogrebane" {speed, rF+ rCorr MP+9}
   (You found it on level 7 of the Dungeon)

   rF:        It protects you from fire.
   MP:        It affects your magic capacity (+9).
   rCorr:     It protects you from acid and corrosion.
Missiles
 B - 10 poisoned darts (quivered)
 C - a curare-tipped dart
 F - a throwing net
Armour
 q - a +1 pair of gloves (worn)
 L - +0 steam dragon scales (worn)
Jewellery
 l - an amulet of magic regeneration (around neck)
 r - a +4 ring of protection
 t - a +6 ring of dexterity (left hand)
 E - a +6 ring of dexterity (right hand)
 J - a ring of protection from cold
Wands
 o - a wand of polymorph (9)
 v - a wand of flame (16)
 I - a wand of paralysis (20)
 K - a wand of mindburst (10)
 M - a wand of digging (2)
Scrolls
 g - 3 scrolls of fear
 h - a scroll of poison {unknown}
 i - a scroll of teleportation
 j - a scroll of magic mapping {unknown}
 m - a scroll of identify
 n - a scroll of summoning {unknown}
 p - 3 scrolls of silence
 x - a scroll of vulnerability {unknown}
 y - 2 scrolls of blinking {unknown}
 G - a scroll of torment {unknown}
 H - 2 scrolls of noise {unknown}
 O - a scroll of brand weapon {unknown}
Potions
 c - a potion of invisibility
 d - a potion of might {unknown}
 e - 2 potions of lignification
 f - 9 potions of curing
 k - 3 potions of heal wounds
 s - a potion of ambrosia {unknown}
 u - a potion of experience {unknown}
 w - a potion of flight {unknown}
 z - a potion of degeneration {unknown}
 A - 2 potions of haste {unknown}
 D - a potion of resistance {unknown}
 N - 2 potions of magic
 P - a potion of attraction {unknown}
 Q - a potion of brilliance {unknown}
 R - a potion of mutation {unknown}


   Skills:
 * Level 5.5 Fighting
 - Level 3.0 Short Blades
 + Level 1.2 Ranged Weapons
 - Level 3.0 Armour
 + Level 5.1 Dodging
 * Level 10.7 Stealth
 * Level 5.3 Spellcasting
 + Level 2.2 Conjurations
 + Level 7.8 Hexes
 - Level 3.0 Ice Magic
 - Level 3.0 Air Magic
 - Level 3.0 Poison Magic
 * Level 4.3 Invocations


You had 5 spell levels left.
You knew the following spells:

 Your Spells              Type           Power      Damage    Failure   Level
a - Ensorcelled Hibernat  Hex/Ice        50%        N/A       1%          2
b - Confusing Touch       Hex            34%        N/A       1%          3
c - Tukima's Dance        Hex            34%        N/A       1%          3
d - Dazzling Flash        Conj/Hex       48%        N/A       4%          3
e - Mephitic Cloud        Conj/Pois/Air  15%        N/A       12%         3

Your spell library contained the following spells:

 Spells                   Type           Power      Damage    Failure   Level
 Magic Dart               Conj           52%        1d5       4%          1
 Apportation              Tloc           10%        N/A       12%         1
 Necrotise                Necr           20%        1d5       12%         1
 Summon Small Mammal      Summ           20%        N/A       12%         1
 Call Imp                 Summ           5%         N/A       19%         2


Dungeon Overview and Level Annotations

Branches:
Dungeon (9/15) Zot: 26915  Temple (1/1) D:4 Zot: 5765    Lair (0/5) D:8
Ossuary (visited)
    Orc: D:9-12

Altars:
Ashenzari
Cheibriados
Dithmenos
Fedhas
Gozag
Hepliaklqana
Kikubaaqudgha
Makhleb
Nemelex Xobeh
Okawaru
Qazlal
Ru
Sif Muna
Trog
Vehumet
Wu Jian
Xom
Yredelemnul


Innate Abilities, Weirdness & Mutations

You do not regenerate when monsters are visible.
You are frail without blood (-20% HP).
You can heal yourself when you bite living creatures.
You are immune to poison.
You have razor-sharp teeth.
You have supernaturally acute eyesight. (SInv)
You are afflicted with vampirism and can become a bat while bloodless.


Message History

There is an open door here.
You open the door.
A gargoyle comes into view. It is wielding a +0 flail.
Found a trident.
There is an open door here.
The helpless gargoyle fails to defend itself.
You skewer the gargoyle like a kebab!!!
You destroy the gargoyle!
Dithmenos accepts your kill.
You open the door.
A gargoyle comes into view. It is wielding a +0 mace.
Found a murky emerald potion.
The gargoyle hurls a stone arrow at you.
The stone arrow misses you.
There is an open door here.
You hit the gargoyle but do no damage.
Unknown command.
Casting: Ensorcelled Hibernation (safe; 1% risk of failure)
Confirm with . or Enter, or press ? or * to list all spells.
Aiming: Ensorcelled Hibernation (safe; 1% risk of failure)
Press: ? - help, Shift-Dir - straight line, f - you
Okay, then.
Casting: Ensorcelled Hibernation (safe; 1% risk of failure)
Confirm with . or Enter, or press ? or * to list all spells.
Your hands begin to glow red.
The gargoyle hurls a stone arrow at you.
The stone arrow hits you!
You hit the gargoyle but do no damage.
The gargoyle hurls a stone arrow at you.
The stone arrow misses you.
You hit the gargoyle but do no damage. The gargoyle hits you with a +0 mace!
You hit the gargoyle but do no damage.
You punch the gargoyle, but do no damage.
The gargoyle hurls a stone arrow at you.
The stone arrow hits you!
As you read the scroll of teleportation, it crumbles to dust.
You feel strangely unstable.
The gargoyle hurls a stone arrow at you.
The stone arrow hits you!!
You die...

###8###)###.###.. ..#
#8##'.'##8#..#### ###.#
###'.....'###.###...##.#
#)#.......#8#......).#
#'...........#.#.....
#....8.........# ###
#'...........###
#8#.......#8#.#
###'.....@###.#
#)##'.'##9#..#
###8###)###.## ## ## .


You could see a gargoyle.

Vanquished Creatures
  Joseph (D:8)
  4 gargoyles (D:9)
  A hornet (D:8)
  A wraith (D:6)
  A steam dragon (D:7)
  Edmund (D:4)
  2 water moccasins
  Duvessa (D:6)
  An orc warrior (D:6)
  3 sky beasts
  2 ice beasts
  A black bear (D:6)
  A centaur (D:5)
  A phantom (D:6)
  2 kobold brigands
  5 bullfrogs
  Blork the orc (D:4)
  2 elf zombies (Ossuary)
  2 gnoll sergeants (D:6)
  2 scorpions (D:4)
  Dowan (D:6)
  2 wights
  3 killer bees (D:7)
  An electric eel (D:8)
  2 jellies
  4 hounds
  4 human zombies (Ossuary)
  4 orc priests
  A sleepcap (D:6)
  3 iguanas (D:5)
  4 orc wizards
  A hound zombie (Ossuary)
  4 mummies
  6 gnolls
  9 adders
  A shadow imp (D:5)
  A white imp (D:5)
  4 adder zombies (Ossuary)
  2 worms (D:2)
  2 dart slugs
  25 orcs
  5 endoplasms
  3 giant cockroaches
  14 goblins
  9 hobgoblins
  4 jackals
  3 quokkas
  2 ball pythons
  3 bats
  2 frilled lizards (D:1)
  2 gnoll zombies (Ossuary)
  3 goblin zombies (Ossuary)
  4 hobgoblin zombies (Ossuary)
  2 jackal zombies (Ossuary)
  7 kobolds
  3 kobold zombies
  2 orc zombies (Ossuary)
  6 quokka zombies (Ossuary)
  A rat (D:3)
  5 rat zombies (Ossuary)
199 creatures vanquished.

Vanquished Creatures (others)
  4 fungi (D:5)
  8 plants (D:5)
12 creatures vanquished.

Grand Total: 211 creatures vanquished

Notes
Turn   | Place    | Note
-------+----------+-------------------------------------------
     0 | D:1      | protoss039 the Vampire Enchanter began the quest for the
                  | Orb.
     0 | D:1      | Reached XP level 1. HP: 13/13 MP: 3/3
   306 | D:1      | Reached XP level 2. HP: 18/20 MP: 5/5
   456 | D:1      | Found a faded altar of an unknown god.
   505 | D:1      | Learned a level 2 spell: Ensorcelled Hibernation
   599 | D:2      | You fall into a shaft and drop 1 floor!
   787 | D:3      | Reached skill level 1 in Fighting
   787 | D:3      | Reached skill level 5 in Stealth
   787 | D:3      | Gained mutation: You are afflicted with vampirism and can
                  | become a bat while bloodless. [Vampire growth]
   787 | D:3      | Reached XP level 3. HP: 20/20 MP: 3/6
   899 | D:3      | HP: 1/20 [orc/+0 mace (8)]
   915 | D:3      | Learned a level 3 spell: Confusing Touch
  1215 | D:2      | Reached XP level 4. HP: 25/25 MP: 7/7
  1215 | D:2      | Found an ornate altar of the Wu Jian Council.
  1927 | D:3      | Found a shimmering blue altar of Sif Muna.
  2246 | D:4      | Reached skill level 1 in Ice Magic
  2264 | D:4      | Reached XP level 5. HP: 30/30 MP: 8/8
  2274 | D:4      | Reached skill level 6 in Stealth
  2274 | D:4      | Reached skill level 5 in Hexes
  2276 | D:4      | Reached skill level 1 in Armour
  2286 | D:4      | Noticed Blork the orc
  2296 | D:4      | Killed Blork the orc
  2297 | D:4      | Reached XP level 6. HP: 35/35 MP: 6/9
  2362 | D:4      | Noticed Edmund
  2376 | D:4      | Killed Edmund
  2516 | D:4      | Reached XP level 7. HP: 40/40 MP: 11/11
  2525 | D:4      | Found a staircase to the Ecumenical Temple.
  2537 | Temple   | Entered the Ecumenical Temple
  2743 | Temple   | Became a worshipper of Dithmenos the Shadowed
  2870 | D:4      | Reached skill level 7 in Stealth
  3093 | D:5      | Entered Level 5 of the Dungeon
  3308 | D:5      | Found an iron altar of Okawaru.
  3317 | D:5      | Reached skill level 1 in Invocations
  3685 | D:5      | Reached XP level 8. HP: 46/46 MP: 12/12
  4168 | D:6      | Learned a level 3 spell: Tukima's Dance
  4172 | D:6      | Learned a level 3 spell: Dazzling Flash
  4249 | D:6      | Reached skill level 8 in Stealth
  4294 | D:6      | Reached * piety under Dithmenos
  4380 | D:6      | Noticed Dowan
  4392 | D:6      | Noticed Duvessa
  4727 | D:6      | Reached skill level 1 in Conjurations
  4895 | D:6      | Learned a level 3 spell: Mephitic Cloud
  5131 | D:6      | Reached XP level 9. HP: 48/52 MP: 15/15
  5207 | D:6      | Reached skill level 9 in Stealth
  5253 | D:6      | Killed Duvessa
  5261 | D:6      | Killed Dowan
  5329 | D:7      | Reached skill level 1 in Air Magic
  5335 | D:7      | Reached skill level 1 in Poison Magic
  5458 | D:7      | Found an ornate altar of the Wu Jian Council.
  5706 | D:7      | Identified the +8 arbalest "Ogrebane" {speed, rF+ rCorr
                  | MP+9}
  5937 | D:8      | Noticed Joseph
  5946 | D:8      | Killed Joseph
  6027 | D:8      | Found a sparkling altar of Nemelex Xobeh.
  6087 | D:8      | Found a sand-covered staircase.
  6092 | Ossuary  | Entered an ossuary
  6106 | Ossuary  | Reached ** piety under Dithmenos
  6229 | Ossuary  | Reached skill level 5 in Fighting
  6240 | Ossuary  | Reached *** piety under Dithmenos
  6253 | Ossuary  | Reached skill level 10 in Stealth
  6406 | D:8      | Reached XP level 10. HP: 59/59 MP: 17/17
  6694 | D:8      | Found a staircase to the Lair.
  6771 | D:8      | Reached skill level 5 in Spellcasting
  6903 | D:9      | Noticed a gargoyle
  6906 | D:9      | Killed a gargoyle
  6915 | D:9      | Noticed a gargoyle
  6916 | D:9      | Killed a gargoyle
  6917 | D:9      | Reached skill level 1 in Ranged Weapons
  6924 | D:9      | Noticed a gargoyle
  6926 | D:9      | Killed a gargoyle
  6927 | D:9      | Reached skill level 5 in Dodging
  6931 | D:9      | Noticed a gargoyle
  6933 | D:9      | Killed a gargoyle
  6935 | D:9      | Noticed a gargoyle
  6942 | D:9      | Killed from afar by a gargoyle

Illustrated notes

Levels and vault maps discovered:
D:1:      dpeg_arrival_pits, layout_rooms, dreamdust_ecumenical_altar_statues
D:2:      cheibrodos_greedy_goblins, layout_loops_cross, basic_altar
D:3:      layout_basic, mainiacjoe_overflow_tiny_flanked,
          mainiacjoe_overflow_catwalk, chequers_arboretum,
          palyth_stone_intersect, kennysheep_cross_room,
          kennysheep_big_empty_room, minmay_misc_feat_tiny
D:4:      layout_gridville, minmay_temple_entry_waves, uniq_blork_the_orc,
          uniq_edmund
D:5:      layout_basic, mainiacjoe_overflow_chevrons, serial_bayou_lagoon_b
D:6:      layout_rooms, nicolae_benzene_ring, sword_in_stone, uniq_duvessa
D:7:      layout_loops_ring, mainiacjoe_overflow_boulevard
D:8:      layout_loops_ring, nicolae_overflow_hidden_temple, lair_entry_dummy,
          nicolae_ossuary_entry_giza, nrook_pool_corridor,
          grunt_decor_one_mirror, uniq_joseph
D:9:      cheibrodos_statue_roulette, layout_loops_corners, serial_shops, shop,
          shop, shop_statue, shop, roderic_serpentine_path,
          kennysheep_generic_room_4, uniq_grum
Temple:   regret_index_temple_generic_petals

Skill      XL: |  1  2  3  4  5  6  7  8  9 10 |
---------------+-------------------------------+-----
Fighting       | 1 2 3 4 5 |  5.5
Stealth        | 5 6 7 8 10 | 10.7
Ice Magic      | 1 2 3 |  3.0
Short Blades   | 2 3 |  3.0
Hexes          | 5 6 7 |  7.8
Armour         | 1 2 3 |  3.0
Dodging        | 3 4 5 |  5.1
Spellcasting   | 3 4 5 |  5.3
Invocations    | 1 2 3 4 |  4.3
Conjurations   | 1 2 |  2.2
Air Magic      | 2 3 |  3.0
Poison Magic   | 2 3 |  3.0
Ranged Weapons | 1 |  1.2

Action                     |  1- 3 |  4- 6 |  7- 9 | 10-12 || total
---------------------------+-------+-------+-------+-------++-------
  Melee: Dagger            |    70 |    74 |   126 |     9 ||   279
         Bite              |     3 |     7 |    11 |       ||    21
         Punch             |     2 |     1 |     1 |     1 ||     5
   Fire: Arbalest          |       |       |   115 |    15 ||   130
   Cast: Ensorcelled Hiber |    12 |    19 |    57 |     1 ||    89
         Confusing Touch   |       |     1 |     8 |     1 ||    10
Ability: Exsanguinate      |     1 |       |       |       ||     1
    Use: Potion            |     1 |       |     1 |       ||     2
         Scroll            |       |       |     6 |     2 ||     8
   Stab: Sleeping          |    17 |    23 |    53 |     5 ||    98
         Invisible         |     2 |       |       |       ||     2
         Distracted        |     1 |       |       |       ||     1
         Confused          |       |     1 |     6 |       ||     7
 Armour: Robe              |    10 |    13 |    45 |       ||    68
         Steam dragon scal |       |       |     9 |       ||     9
  Dodge: Dodged            |    38 |    33 |   136 |     7 ||   214

Table legend: (Time is in decaauts)
 A = Elapsed time spent in this place.
 B = Non-inter-level travel time spent in this place.
 C = Inter-level travel time spent in this place.
 D = Time resting spent in this place.
 E = Time spent auto-exploring this place.
 F = Levels seen in this place.
 G = Mean time per level.
                   A        B        C        D        E       F      G
               +--------+--------+--------+--------+--------+-----+--------+
         Total |   6972 |   6595 |    377 |    401 |   4653 |  11 |  633.8 |
       Dungeon |   6485 |   6164 |    321 |    401 |   4355 |   9 |  720.6 |
        Temple |    234 |    178 |     56 |      0 |    171 |   1 |  234.0 |
       Ossuary |    251 |    251 |      0 |      0 |    127 |   1 |  251.0 |
               +--------+--------+--------+--------+--------+-----+--------+

Top non-repeatable levels by time:
     D:5: 1427 daAuts
     D:3: 926 daAuts
     D:6: 798 daAuts
     D:2: 795 daAuts
     D:8: 757 daAuts
     D:4: 616 daAuts
     D:7: 577 daAuts
     D:1: 503 daAuts
 Ossuary: 251 daAuts
  Temple: 234 daAuts
     D:9: 83 daAuts
